 Dungeon Crawl Stone Soup version 0.15-a0-1808-ge879653 (webtiles) character file.

11844 JogiH the Ruinous (level 11, -10/66 HPs)
             Began as a Gargoyle Wizard on June 30, 2014.
             Was an Elder of Vehumet.
             Killed from afar by an ice dragon (32 damage)
             ... with a blast of cold
             ... in an ice cave on July 1, 2014.
             The game lasted 01:45:52 (19535 turns).

JogiH the Ruinous (Gargoyle Wizard)                Turns: 19535, Time: 01:45:53

HP -10/66        AC 14     Str 10      XL: 11   Next: 84%
MP   2/36        EV 13     Int 23      God: Vehumet [****..]
Gold 660         SH  4     Dex  8      Spells:  6 memorised, 10 levels left

rFire  + . .     SeeInvis .     p - staff of fire
rCold  . . .     Clarity  +     (no armour)
rNeg   + . .     rCorr    .     w - +0 buckler
rPois  +         rRot     +     n - +2 helmet
rElec  +         Spirit   .     M - +0 cloak
SustAb .         Warding  .     V - +0 pair of gloves
rMut   .         Stasis   .     W - +1 pair of boots
Gourm  .                        A - amulet of clarity
MR     .....                    (no ring)
                                N - ring of magical power

@: not resistant to hostile enchantments, unstealthy
A: life protection 1, electricity resistance, unbreathing, petrification
resistance, rot immunity, AC +7
a: Renounce Religion


You were in an ice cave.
You worshipped Vehumet.
Vehumet was greatly pleased with you.
You were not hungry.

You visited 3 branches of the dungeon, and saw 15 of its levels.
You also visited: Ice Cave.

You collected 720 gold pieces.
You spent 60 gold pieces at shops.

Inventory:

Hand weapons
 o - a +0 dagger of distortion
 z - a cursed +0 great mace
 D - a +1 flail of holy wrath
 I - a +3 glaive
Armour
 i - a +1 pair of boots
 m - a +0 pair of gloves
 n - a +2 helmet (worn)
 w - a +0 buckler (worn)
 B - a +2 robe of positive energy
 K - the +1 robe of the Orb {rF+ Dex-1 Curse}
   (You took it off a centaur on level 10 of the Dungeon)

   It affects your dexterity (-1).
   It protects you from fire.
   It may recurse itself when equipped.
 M - a +0 cloak (worn)
 V - a +0 pair of gloves (worn)
 W - a +1 pair of boots (worn)
Magical devices
 d - a wand of frost (7) {unknown}
 J - a wand of polymorph (10) {unknown}
 O - a wand of confusion (15) {unknown}
Comestibles
 u - 14 fruits
 F - a royal jelly
Scrolls
 a - a scroll of recharging
 b - a scroll of blinking {unknown}
 k - 5 scrolls of teleportation
 q - 2 scrolls of fear {unknown}
 s - 4 scrolls of magic mapping
 t - 5 scrolls of remove curse
 y - a scroll of identify
 L - a scroll of torment {unknown}
Jewellery
 A - an amulet of clarity (around neck)
 N - a ring of magical power (left hand)
 Q - an uncursed ring of teleportation
 T - an uncursed amulet of resist corrosion
Potions
 e - a potion of lignification
 g - a potion of restore abilities
 h - a potion of resistance {unknown}
 j - a potion of invisibility {unknown}
 l - a potion of beneficial mutation {unknown}
 r - 3 potions of might
 v - a potion of haste {unknown}
 E - 3 potions of curing
 H - 2 potions of poison
 P - a potion of strong poison
 R - a potion of mutation {unknown}
 Z - a potion of agility
Books
 c - a book of Minor Magic

   Spells                             Type                      Level
   *Magic Dart                        Conjuration                  1
   *Blink                             Translocation                2
   *Call Imp                          Summoning                    2
   Repel Missiles                     Charms/Air                   2
   Slow                               Hexes                        2
   *Conjure Flame                     Conjuration/Fire             3
   *Mephitic Cloud                    Conjuration/Poison/Air       3
 C - a book of Wizardry

   Spells                             Type                      Level
   Agony                              Necromancy                   5
   Force Lance                        Conjuration                  5
   Dispersal                          Translocation                6
   Haste                              Charms                       6
   Invisibility                       Hexes                        6
   Spellforged Servitor               Conjuration/Summoning        7
Magical staves
 p - an uncursed staff of fire (weapon)


   Skills:
 * Level 6.8 Fighting
 - Level 1.1(2.6) Maces & Flails
 * Level 5.7 Staves
 + Level 5.1 Dodging
 - Level 2.1 Stealth
 * Level 5.7 Shields
 + Level 7.6 Spellcasting
 + Level 7.7 Conjurations
 - Level 1.0 Summonings
 - Level 1.0 Translocations
 * Level 5.6 Fire Magic
 * Level 4.6 Air Magic
 - Level 1.1 Poison Magic
 * Level 4.9 Evocations


You had 10 spell levels left.
You knew the following spells:

 Your Spells              Type           Power        Failure   Level  Hunger
a - Magic Dart            Conj           ####         1%          1    None
b - Blink                 Tloc           N/A          10%         2    None
c - Call Imp              Summ           ##......     10%         2    None
d - Conjure Flame         Conj/Fire      ######..     1%          3    None
e - Mephitic Cloud        Conj/Pois/Air  ####....     1%          3    None
f - Iskenderun's Mystic   Conj           #####...     1%          4    ###....


Dungeon Overview and Level Annotations

Branches:
Dungeon (12/15)            Temple (1/1) D:7            Lair (2/8) D:10
    Orc: D:9-12

Altars:
Ashenzari
Cheibriados
Dithmenos
Elyvilon
Fedhas
Gozag
Makhleb
Nemelex Xobeh
Okawaru
Qazlal
Sif Muna
Trog
Vehumet
Xom
Yredelemnul
Zin

Shops:
D:10 (=(

Annotations:
D:8 gilanor's ghost, experienced DEFE


Innate Abilities, Weirdness & Mutations

You are resistant to torment.
You are immune to poison.
Your stone body is very resilient (AC +7).
You resist negative energy.
You are resistant to electric shocks.
You can survive without breathing.
You are immune to petrification.
You are immune to rotting.


Message History

Casting: Blink
Confirm with . or Enter, or press ? or * to list all spells.
You don't have enough magic to cast that spell.
Casting: Blink
Confirm with . or Enter, or press ? or * to list all spells.
You don't have enough magic to cast that spell.
Casting: Blink
Confirm with . or Enter, or press ? or * to list all spells.
Aiming: Iskenderun's Mystic Blast
Press: ? - help, Shift-Dir - straight line, f/p - ice dragon
Aim: an ice dragon (almost dead)
The orb of energy hits the ice dragon.
The ice dragon is almost dead.
The ice dragon breathes frost at you. The blast of cold misses you.
The ice dragon breathes frost at you. The blast of cold misses you.
The ice dragon breathes frost at you. The blast of cold hits you!
You die...

##..## ##....## ##......##
### ##........# ..## ####
#.........##
...#####..####.........#
.....##....##..........##
.∩.......#..............##
........###.....@.....D..##
...##....####.........##..#
..######.##
##........###.## ### #.#.#
#........## #..# ##.##
##.......# ##.# #..#
##.....## #D## ##.##
#.....# #..# #..# ###..##
#..# ##.## #.#.## #..##


You could see an ice dragon.

Vanquished Creatures
  2 ice statues (IceCv)
  A komodo dragon (Lair:1)
  Psyche (D:9)
  2 spiny frogs (Lair:1)
  A troll (D:10)
  Grinder (D:5)
  Prince Ribbit (D:4)
  A deep elf mage (D:10)
  Eustachio (D:5)
  10 yaks
  The ghost of Zuul the Slasher, an average DsGl (D:3)
  2 hippogriffs
  A water moccasin (D:10)
  2 hungry ghosts
  20 ice beasts
  2 black bears
  4 centaurs
  4 orc warriors (D:10)
  A phantom (D:6)
  2 porcupines
  2 crocodiles
  11 ogres
  Sigmund (D:4)
  Duvessa (D:6)
  5 giant frogs
  A scorpion (D:9)
  12 killer bees
  A hippogriff skeleton (D:5)
  A troll skeleton (D:9)
  Dowan (D:6)
  4 crimson imps
  5 orc priests
  A centaur zombie (D:6)
  6 hounds
  Crazy Yiuf (D:5)
  4 gnoll shamans
  A quasit (D:10)
  2 jellies
  3 orc wizards
  7 iguanas
  A two-headed ogre skeleton (D:10)
  9 worker ants
  4 sheep (Lair:2)
  A big kobold zombie (D:6)
  An ogre zombie (D:6)
  2 hound skeletons (D:6)
  Terence (D:2)
  24 gnolls
  A worker ant zombie (D:6)
  13 adders
  5 green rats (Lair:2)
  2 shadow imps
  3 giant mites
  An inept item mimic (D:6)
  12 white imps
  2 orc zombies (D:6)
  An adder skeleton (D:8)
  2 adder zombies (D:6)
  2 orc skeletons
  2 giant geckos
  2 oozes
  31 orcs
  A ball python (D:5)
  16 bats
  A bat skeleton (D:6)
  3 giant cockroaches
  23 hobgoblins
  17 kobolds
  4 quokkas
  A giant gecko skeleton (D:5)
  4 giant newts
  15 goblins
  A goblin zombie (D:5)
  16 jackals
  A kobold skeleton (D:6)
  A kobold zombie (D:6)
  11 rats
  2 rat zombies (D:6)
  3 fungi (D:10)
372 creatures vanquished.

Vanquished Creatures (collateral kills)
  2 giant geckos (D:2)
  A quokka (D:2)
  A goblin (D:2)
  A kobold (D:2)
  A rat (D:2)
6 creatures vanquished.

Vanquished Creatures (others)
  A crimson imp (D:2)
  A shadow imp (D:10)
  A white imp (D:2)
  A quokka (D:4)
  A bat (D:4)
  2 fungi (D:10)
  6 plants (D:10)
13 creatures vanquished.

Grand Total: 391 creatures vanquished

Notes
Turn   | Place    | Note
--------------------------------------------------------------
     0 | D:1      | JogiH, the Gargoyle Wizard, began the quest for the Orb.
     0 | D:1      | Reached XP level 1. HP: 10/10 MP: 4/4
   443 | D:1      | Reached XP level 2. HP: 12/15 MP: 0/6
   447 | D:1      | Learned a level 2 spell: Blink
   450 | D:1      | Learned a level 2 spell: Call Imp
   815 | D:1      | Reached skill level 1 in Summonings
   898 | D:1      | Reached skill level 1 in Translocations
  1028 | D:1      | Reached XP level 3. HP: 20/20 MP: 1/8
  1155 | D:2      | Reached skill level 1 in Maces & Flails
  1314 | D:3      | Noticed Zuul's ghost (average DsGl)
  1331 | D:2      | Learned a level 3 spell: Conjure Flame
  1536 | D:1      | Upgraded the game from 0.15-a0-1798-g4683f23 to 0.15-a0-1808-ge879653
  1945 | D:2      | Noticed Terence
  2118 | D:3      | Killed Zuul's ghost
  2118 | D:3      | Reached skill level 1 in Staves
  2118 | D:3      | Reached XP level 4. HP: 14/26 MP: 6/10
  2118 | D:3      | Reached XP level 5. HP: 16/30 MP: 6/11
  2123 | D:3      | Learned a level 3 spell: Mephitic Cloud
  2463 | D:2      | Found a shadowy altar of Dithmenos.
  2463 | D:2      | Found a basalt altar of Yredelemnul.
  2928 | D:2      | Killed Terence
  2928 | D:2      | Reached XP level 6. HP: 34/36 MP: 1/13
  3672 | D:5      | Entered Level 5 of the Dungeon
  3849 | D:4      | Found a sparkling altar of Nemelex Xobeh.
  3930 | D:4      | Noticed Prince Ribbit
  3952 | D:4      | Killed Prince Ribbit
  3952 | D:4      | Reached skill level 4 in Spellcasting
  3952 | D:4      | Reached skill level 1 in Poison Magic
  3952 | D:4      | Reached skill level 1 in Evocations
  3952 | D:4      | Reached XP level 7. HP: 22/40 MP: 4/17
  4063 | D:4      | Found a stormy altar of Qazlal.
  4175 | D:4      | Noticed Sigmund
  4221 | D:4      | Killed Sigmund
  4221 | D:4      | Reached skill level 1 in Fire Magic
  4221 | D:4      | Reached skill level 1 in Air Magic
  4378 | D:4      | Found a glowing silver altar of Zin.
  4380 | D:4      | Found Zin's Purification Station.
  4394 | D:4      | Bought a potion of curing for 60 gold pieces
  4937 | D:4      | Found a white marble altar of Elyvilon.
  4950 | D:4      | Noticed an ogre
  5057 | D:4      | Reached XP level 8. HP: 40/46 MP: 0/18
  5186 | D:4      | Killed an ogre
  5486 | D:5      | Noticed Crazy Yiuf
  5494 | D:5      | Killed Crazy Yiuf
  5705 | D:5      | Noticed Eustachio
  5867 | D:5      | Killed Eustachio
  6348 | D:5      | Noticed Grinder
  6361 | D:5      | Paralysed by Grinder for 5 turns
  6385 | D:4      | Reached skill level 5 in Spellcasting
  6714 | D:6      | Reached skill level 5 in Conjurations
  7499 | D:6      | Reached XP level 9. HP: 39/52 MP: 14/21
  8056 | D:6      | Noticed Duvessa
  8071 | D:6      | Noticed Dowan
  8096 | D:6      | Killed Duvessa
  8710 | D:6      | Killed Dowan
  9064 | D:7      | Found a radiant altar of Vehumet.
  9084 | D:7      | Became a worshipper of Vehumet
  9683 | D:7      | Found a bloodstained altar of Trog.
  9693 | D:7      | Found a staircase to the Ecumenical Temple.
  9704 | Temple   | Entered the Ecumenical Temple
 10104 | D:7      | Reached skill level 1 in Shields
 10925 | D:9      | Reached skill level 6 in Conjurations
 11050 | D:8      | Acquired Vehumet's first power
 11050 | D:8      | Offered knowledge of Shock by Vehumet.
 11083 | D:8      | Noticed gilanor's ghost (experienced DEFE)
 11334 | D:5      | Found a shattered altar of Ashenzari.
 12178 | D:5      | Paralysed by Grinder for 5 turns
 12183 | D:5      | Killed Grinder
 12422 | D:9      | Reached XP level 10. HP: 58/58 MP: 9/23
 12487 | D:9      | Reached skill level 5 in Fighting
 12704 | D:10     | Entered Level 10 of the Dungeon
 13010 | D:9      | Noticed Psyche
 13044 | D:9      | Killed Psyche
 13849 | D:10     | Offered knowledge of Throw Flame by Vehumet.
 15110 | D:10     | Got a colourful robe
 15120 | D:10     | Identified the +1 robe of the Orb {rF+ Dex-1 Curse} (You took it off a centaur on level 10 of the Dungeon)
 15274 | D:10     | Reached skill level 5 in Staves
 15419 | D:10     | Offered knowledge of Inner Flame by Vehumet.
 15514 | D:10     | Reached skill level 7 in Spellcasting
 15514 | D:10     | Reached XP level 11. HP: 64/64 MP: 4/26
 16175 | D:10     | Found Ashaum's Antique Weapon Emporium.
 16177 | D:10     | Found Smiweog's Jewellery Boutique.
 16215 | D:10     | Reached skill level 5 in Shields
 16256 | D:10     | Acquired Vehumet's second power
 16256 | D:10     | Reached skill level 5 in Fire Magic
 16551 | D:10     | Found Yjenomp's Antique Weapon Emporium.
 16595 | D:10     | Found a staircase to the Lair.
 16604 | Lair:1   | Entered Level 1 of the Lair of Beasts
 17543 | Lair:2   | Offered knowledge of Iskenderun's Mystic Blast by Vehumet.
 17742 | Lair:1   | Learned a level 4 spell: Iskenderun's Mystic Blast
 17898 | Lair:2   | Found a frozen archway.
 17919 | IceCv    | Entered an ice cave
 17926 | IceCv    | Reached skill level 5 in Dodging
 17926 | IceCv    | Acquired Vehumet's third power
 18281 | IceCv    | Noticed an ice statue
 18281 | IceCv    | Noticed an ice statue
 18632 | IceCv    | Killed an ice statue
 19043 | IceCv    | Killed an ice statue
 19177 | IceCv    | Noticed an ice dragon
 19177 | IceCv    | Noticed an ice dragon
 19535 | IceCv    | Killed from afar by an ice dragon

Action                   |  1- 3 |  4- 6 |  7- 9 | 10-12 || total
-------------------------+-------+-------+-------+-------++-------
Melee: Unarmed           |    37 |       |       |       ||    37
       Club              |    17 |       |       |       ||    17
       Whip              |    50 |       |       |       ||    50
       Staff             |    15 |    91 |   305 |   364 ||   775
 Cast: Magic Dart        |    59 |   112 |   504 |   446 ||  1121
       Call Imp          |     8 |       |     5 |     1 ||    14
       Conjure Flame     |     2 |     6 |    65 |    65 ||   138
       Blink             |     2 |       |       |     3 ||     5
       Mephitic Cloud    |       |     4 |    31 |    32 ||    67
       Iskenderun's Myst |       |       |       |    60 ||    60
Evoke: Wand              |       |       |     1 |       ||     1
  Use: Scroll            |     6 |       |    10 |     4 ||    20
       Potion            |       |       |       |     1 ||     1
 Stab: Sleeping          |     1 |     1 |     1 |       ||     3
       Confused          |       |     1 |     1 |     8 ||    10
